 Dungeon Crawl Stone Soup version 0.18.1-48-g4cf74bf (webtiles) character file.

6062 dvd the Summoner (level 10, -3/47 HPs)
             Began as a Deep Elf Summoner on July 19, 2016.
             Was an Elder of Sif Muna.
             Slain by an unseen horror (9 damage)
             ... on level 11 of the Dungeon.
             The game lasted 01:01:24 (10847 turns).

dvd the Summoner (Deep Elf Summoner)               Turns: 10847, Time: 01:01:25

Health: -3/47      AC:  7    Str:  5    XL:     10   Next: 57%
Magic:  20/27      EV: 15    Int: 24    God:    Sif Muna [****..]
Gold:   795        SH:  7    Dex: 18    Spells: 4 memorised, 18 levels left

rFire  + . .     SeeInvis .     f - +1 dagger (venom)
rCold  + . .     Gourm    .     n - +2 robe {rF+}
rNeg   . . .     Faith    .     s - +3 buckler {rC+}
rPois  .         Spirit   .     u - +0 helmet
rElec  .         Dismiss  .     m - +0 cloak
rCorr  .         Reflect  .     (no gloves)
SustAt .         Harm     .     (no boots)
MR     ++...                    (no amulet)
Stlth  +++.......               p - ring of protection from magic
                                y - +3 ring of dexterity

@: very slightly contaminated, drained, very resistant to hostile enchantments,
fairly stealthy
A: icy blue scales 1, frail 1, wild magic 1, no device heal 1
a: Channel Energy, Forget Spell, Renounce Religion


You were on level 11 of the Dungeon.
You worshipped Sif Muna.
Sif Muna was greatly pleased with you.
You were very hungry.

You visited 2 branches of the dungeon, and saw 12 of its levels.

You collected 795 gold pieces.

Inventory:

Hand Weapons
 a - a +4 rapier of speed
 f - a +1 dagger of venom (weapon)
 v - a +1 dagger of holy wrath
 x - a +4 short sword
 E - a +0 short sword of flaming
Armour
 m - a +0 cloak (worn)
 n - a +2 robe of fire resistance (worn)
 s - a +3 buckler of cold resistance (worn)
 u - a +0 helmet (worn)
Magical Staves
 t - an uncursed staff of death
Rods
 z - a -3 rod of clouds (13/13)
   (You found it on level 5 of the Dungeon)
Jewellery
 p - a ring of protection from magic (right hand)
 r - an uncursed ring of sustain attributes
 y - a +3 ring of dexterity (left hand)
 D - an uncursed ring of positive energy
Wands
 w - a wand of heal wounds (2/9)
Scrolls
 g - 2 scrolls of fog
 h - a scroll of amnesia
 i - 7 scrolls of identify
 j - 2 scrolls of teleportation
 l - 3 scrolls of remove curse
Potions
 b - a potion of berserk rage
 e - 5 potions of brilliance
 B - a potion of magic
Books
 q - a book of Callings

   Spells                             Type                      Level
   a - Summon Small Mammal            Summoning                    1
   b - Call Imp                       Summoning                    2
   c - Call Canine Familiar           Summoning                    3
   d - Summon Guardian Golem          Hexes/Summoning              3
   e - Summon Lightning Spire         Summoning/Air                4
   f - Summon Ice Beast               Ice/Summoning                4
Comestibles
 c - 8 bread rations
 k - 7 slices of pizza
 o - 4 meat rations
 C - 4 beef jerkies
 F - a chunk of flesh


   Skills:
 + Level 1.7(1.6) Fighting
 + Level 3.0(2.9) Short Blades
 + Level 5.3 Dodging
 + Level 5.9(5.8) Stealth
 + Level 1.1(1.0) Shields
 + Level 11.1(11.0) Spellcasting
 * Level 11.3(11.2) Summonings
 + Level 3.2 Ice Magic
 + Level 3.3(3.2) Air Magic
 + Level 4.2(4.1) Invocations


You had 18 spell levels left.
You knew the following spells:

 Your Spells              Type           Power        Failure   Level  Hunger
b - Call Imp              Summ           ######..     1%          2    None
c - Call Canine Familiar  Summ           ######..     1%          3    None
d - Summon Ice Beast      Ice/Summ       ######..     6%          4    None
e - Summon Lightning Spi  Summ/Air       ######..     6%          4    None


Dungeon Overview and Level Annotations

Branches:
Dungeon (11/15)            Temple (1/1) D:6            Lair (0/8) D:11
    Orc (0/2) D:10

Altars:
Ashenzari
Cheibriados
Dithmenos
Elyvilon
Fedhas
Gozag
Kikubaaqudgha
Makhleb
Nemelex Xobeh
Okawaru
Pakellas
Qazlal
Ru
Sif Muna
Trog
Vehumet
Xom
Yredelemnul
Zin
The Shining One
Beogh

Shops:
D:7 (   D:9 (


Innate Abilities, Weirdness & Mutations

You are partially covered in icy blue scales (AC +1).
You are frail (-10% HP).
Your spells are a little harder to cast, but a little more powerful.
Potions and wands are less effective at restoring your health.


Message History

Something hits your white imp!
Your white imp dies!
Your warg barely misses something.
You channel some magical energy.
You feel somewhat more hungry. Something hits you but does no damage.
Something hits you!
* * * LOW HITPOINT WARNING * * *
Your warg bites something.
Something barely misses your warg.
Press: ? - help, v - describe, . - travel, g - get item A dagger of chaos.
There is something else lying underneath.
The floor, spattered with blood.
Unknown command.
You hit something but do no damage. You block something's attack.
Something closely misses you.
Your warg barely misses something.
You closely miss something. Something barely misses you.
Something hits your warg!
Your warg bites something.
You miss something.
You hear the frantic ticking of a very distant clock.
Something hits you!
You die...

,,,,,,,,,,,,,***************,,,,,
,,,,,,,,,,,,,,,,,,,,,,,,,,,,,,,,,
*********************,,**********
*,,* *,,# *,.#
#####################..####******
............(...Y)h........,,,,,,
................@Y)...>....,,,,,,
................###########******
................#
................#
................#
................#
................#################
.................................
#################################


You could see a friendly warg and 2 friendly ice beasts.

Vanquished Creatures
  Psyche (D:11)
  Eustachio (D:4)
  A hippogriff (D:8)
  An ice beast (D:6)
  A necrophage (D:7)
  2 centaurs
  2 giant frogs
  A howler monkey (D:10)
  A crimson imp (D:8)
  5 hounds
  A jelly (D:10)
  A worker ant (D:5)
  A worker ant zombie (D:4)
  An adder (D:10)
  A shadow imp (D:10)
  2 oozes
  A worm (D:4)
  A dart slug (D:4)
  4 giant geckos
  6 orcs
  6 giant cockroaches
  3 hobgoblins
  2 jackals (D:8)
  4 quokkas
  A bat (D:3)
  3 giant newts
  4 goblins
  7 kobolds
  4 rats
69 creatures vanquished.

Vanquished Creatures (collateral kills)
  Maud (D:11)
  Pikel (D:7)
  Maurice (D:8)
  2 two-headed ogres
  Grinder (D:4)
  16 yaks
  2 hippogriffs
  A hog (D:7)
  A human (D:7)
  Menkaure (D:4)
  The ghost of Hypnagogic the Conjurer, an amateur DECj (D:4)
  2 orc warriors (D:10)
  3 sky beasts
  A phantom (D:10)
  2 slaves (D:7)
  An ogre (D:6)
  6 centaurs
  3 big kobolds
  6 giant frogs
  A water moccasin skeleton (D:8)
  A scorpion (D:9)
  An electric eel (D:8)
  4 wights (D:7)
  5 crimson imps
  6 howler monkeys
  3 giant frog zombies (D:6)
  6 hounds
  A quasit (D:7)
  7 orc priests
  A jelly (D:9)
  3 giant frog skeletons
  A centaur skeleton (D:8)
  4 worker ants
  2 iguanas
  7 orc wizards
  A killer bee zombie (D:8)
  2 sheep (D:7)
  Robin (D:4)
  A howler monkey skeleton (D:10)
  6 adders
  4 gnolls (D:11)
  A shadow imp (D:11)
  An adder skeleton (D:8)
  2 worms (D:3)
  2 dart slugs (D:1)
  A giant gecko (D:8)
  26 orcs
  A bat (D:1)
  A giant cockroach (D:4)
  10 goblins
  7 hobgoblins
  A jackal (D:8)
  19 kobolds
  A quokka (D:4)
  A ball python (D:1)
  5 giant newts
  3 rats
202 creatures vanquished.

Grand Total: 271 creatures vanquished

Notes
Turn   | Place    | Note
--------------------------------------------------------------
     0 | D:1      | dvd the Deep Elf Summoner began the quest for the Orb.
     0 | D:1      | Reached XP level 1. HP: 10/10 MP: 6/6
   252 | D:1      | Reached XP level 2. HP: 12/15 MP: 6/8
   280 | D:1      | Learned a level 2 spell: Call Imp
   525 | D:1      | Reached skill level 5 in Summonings
   729 | D:2      | Reached XP level 3. HP: 19/19 MP: 2/10
  1292 | D:2      | Found a burning altar of Makhleb.
  1317 | D:2      | Learned a level 3 spell: Call Canine Familiar
  1604 | D:3      | Reached XP level 4. HP: 24/24 MP: 4/12
  1621 | D:3      | Found an iron altar of Okawaru.
  1621 | D:3      | Found a bloodstained altar of Trog.
  1795 | D:3      | Learned a level 4 spell: Summon Ice Beast
  2040 | D:3      | Found a glowing silver altar of Zin.
  2040 | D:3      | Found a glowing golden altar of the Shining One.
  2040 | D:3      | Found a white marble altar of Elyvilon.
  2121 | D:4      | Noticed Menkaure
  2409 | D:4      | Noticed Eustachio
  2409 | D:4      | Noticed a giant frog
  2414 | D:4      | Killed a giant frog
  2418 | D:4      | Reached XP level 5. HP: 28/28 MP: 4/14
  2421 | D:4      | Noticed Robin
  2438 | D:4      | Killed Eustachio
  2438 | D:4      | Reached skill level 5 in Spellcasting
  2616 | D:3      | Learned a level 4 spell: Summon Lightning Spire
  2673 | D:4      | Reached XP level 6. HP: 33/33 MP: 6/16
  2677 | D:4      | Noticed Grinder
  2681 | D:4      | Killed Robin
  2685 | D:4      | Killed Grinder
  2685 | D:4      | Reached skill level 1 in Short Blades
  2811 | D:4      | Killed Menkaure
  3079 | D:4      | Noticed Hypnagogic's ghost (amateur DECj)
  3089 | D:4      | Killed Hypnagogic's ghost
  3089 | D:4      | Reached XP level 7. HP: 37/37 MP: 6/18
  3478 | D:4      | Found an opulent altar of Gozag.
  3479 | D:4      | Found a sparkling altar of Nemelex Xobeh.
  3528 | D:5      | Entered Level 5 of the Dungeon
  4227 | D:5      | Identified a -3 rod of clouds (13/13) (You found it on level 5 of the Dungeon)
  5130 | D:6      | Reached skill level 1 in Air Magic
  5140 | D:6      | Reached skill level 1 in Fighting
  5154 | D:6      | Found a sacrificial altar of Ru.
  5162 | D:6      | Became a worshipper of Ru the Awakened
  5498 | D:6      | Found a staircase to the Ecumenical Temple.
  5504 | Temple   | Entered the Ecumenical Temple
  5592 | Temple   | Fell from the grace of Ru
  5592 | Temple   | Became a worshipper of Sif Muna the Loreminder
  5813 | D:6      | Gained mutation: You are frail (-10% HP). [mutagenic meat]
  5814 | D:6      | Gained mutation: You are partially covered in icy blue scales (AC +1). [mutagenic meat]
  5815 | D:6      | Gained mutation: Potions and wands are less effective at restoring your health. [mutagenic meat]
  5816 | D:6      | Gained mutation: Your spells are a little harder to cast, but a little more powerful. [mutagenic meat]
  5889 | D:6      | Found a shattered altar of Ashenzari.
  5889 | D:6      | Found a blossoming altar of Fedhas.
  5892 | D:6      | Found a stormy altar of Qazlal.
  5979 | D:6      | Reached XP level 8. HP: 33/38 MP: 16/21
  6104 | D:6      | Reached skill level 1 in Ice Magic
  6430 | D:7      | Found Only's Antique Weapon Boutique.
  6451 | D:7      | Reached skill level 5 in Stealth
  6598 | D:7      | Reached * piety under Sif Muna
  7272 | D:7      | Noticed Pikel
  7285 | D:7      | Killed Pikel
  7368 | D:7      | Reached ** piety under Sif Muna
  7375 | D:7      | Reached XP level 9. HP: 25/42 MP: 12/24
  7708 | D:8      | Reached skill level 1 in Invocations
  7789 | D:8      | Noticed Maurice
  7853 | D:8      | Killed Maurice
  8530 | D:9      | Reached skill level 10 in Spellcasting
  8549 | D:9      | Reached skill level 10 in Summonings
  8576 | D:9      | Reached *** piety under Sif Muna
  8816 | D:9      | Reached skill level 1 in Shields
  9002 | D:9      | Found a snail-covered altar of Cheibriados.
  9003 | D:9      | Found an oddly glowing altar of Pakellas.
  9022 | D:9      | Found Zuosm's Weapon Shoppe.
  9031 | D:9      | Found an iron altar of Okawaru.
  9063 | D:9      | Reached XP level 10. HP: 46/46 MP: 22/26
  9191 | D:10     | Entered Level 10 of the Dungeon
  9191 | D:10     | Found a snail-covered altar of Cheibriados.
  9439 | D:10     | Noticed Maud
  9895 | D:10     | Reached skill level 5 in Dodging
 10100 | D:10     | Found a staircase to the Orcish Mines.
 10209 | D:10     | Found a roughly hewn altar of Beogh.
 10620 | D:11     | Killed Maud
 10620 | D:11     | Reached **** piety under Sif Muna
 10767 | D:11     | Noticed Psyche
 10814 | D:11     | Killed Psyche
 10847 | D:11     | Slain by an unseen horror

Skill      XL: |  1  2  3  4  5  6  7  8  9 10 |
---------------+-------------------------------+-----
Summonings     | 5 6 7 9 10 11 | 11.3
Stealth        | 3 4 5 |  5.9
Spellcasting   | 4 5 6 7 9 10 11 | 11.1
Short Blades   | 1 2 3 |  3.0
Air Magic      | 1 2 3 |  3.3
Fighting       | 1 |  1.7
Dodging        | 3 4 5 |  5.3
Ice Magic      | 1 2 3 |  3.2
Invocations    | 3 4 |  4.2
Shields        | 1 |  1.1

Action                   |  1- 3 |  4- 6 |  7- 9 | 10-12 || total
-------------------------+-------+-------+-------+-------++-------
Melee: Dagger            |    36 |    28 |       |     6 ||    70
       Unarmed           |     1 |       |       |       ||     1
       Rapier            |       |     5 |   128 |    57 ||   190
 Cast: Summon Small Mamm |    29 |       |       |       ||    29
       Call Imp          |    21 |    17 |    10 |     8 ||    56
       Call Canine Famil |     2 |     8 |    15 |     5 ||    30
       Summon Lightning  |       |     5 |    35 |    15 ||    55
       Summon Ice Beast  |       |     3 |    24 |    29 ||    56
Invok: Channel Energy    |       |       |    42 |    33 ||    75
Evoke: Wand              |       |       |       |     1 ||     1
  Use: Scroll            |       |       |    11 |     3 ||    14
       Potion            |       |       |     7 |     2 ||     9
 Stab: Sleeping          |     4 |     7 |    12 |     5 ||    28
       Distracted        |       |     1 |     1 |       ||     2
       Confused          |       |       |     1 |       ||     1
  Eat: Chunk             |     3 |     6 |    26 |     9 ||    44
       Meat ration       |       |       |     1 |       ||     1
       Royal jelly       |       |       |     1 |       ||     1
Armor: Robe              |     3 |     5 |    26 |    17 ||    51
Dodge: Dodged            |    39 |    16 |    79 |    34 ||   168
Block: Buckler           |       |     3 |    38 |    20 ||    61
